 Dungeon Crawl Stone Soup version 0.20-a0-9-g62d82d9 (webtiles) character file.

1067 Kaname the Conjurer (level 8, -5/53 HPs)
             Began as a Demonspawn Venom Mage on Nov 1, 2016.
             Slain by Grinder (6 damage)
             ... on level 4 of the Dungeon.
             The game lasted 00:21:29 (5630 turns).

Kaname the Conjurer (Demonspawn Venom Mage)         Turns: 5630, Time: 00:21:30

Health: -5/53      AC:  4    Str: 13    XL:     8   Next: 7%
Magic:  0/14       EV: 12    Int: 18    God:
Gold:   334        SH:  0    Dex: 14    Spells: 4 memorised, 4 levels left

rFire  . . .     SeeInvis .     o - +1 hand axe (freeze)
rCold  . . .     Gourm    .     (no armour)
rNeg   . . .     Faith    .     (no shield)
rPois  .         Spirit   +     g - +0 helmet
rElec  .         Reflect  .     (no cloak)
rCorr  .         Harm     .     r - +0 pair of gloves
MR     .....                    i - +0 pair of boots
Stlth  +++.......               M - amulet of regeneration
                                j - +4 ring of strength
                                G - ring of stealth

@: no status effects
A: rugged brown scales 1, powered by pain 3, magic shield
a: no special abilities


You were on level 4 of the Dungeon.
You were full.

You visited 2 branches of the dungeon, and saw 7 of its levels.

You collected 334 gold pieces.

Inventory:

Hand Weapons
 o - a +1 hand axe of freezing (weapon)
Armour
 a - a +0 robe
 g - a +0 helmet (worn)
 i - a +0 pair of boots (worn)
 r - a +0 pair of gloves (worn)
Magical Staves
 e - an uncursed staff of earth {unknown}
Jewellery
 j - a +4 ring of strength (right hand)
 E - an uncursed ring of see invisible
 G - a ring of stealth (left hand)
 L - an uncursed ring of flight
 M - an amulet of regeneration (around neck)
Scrolls
 f - a scroll of enchant weapon
 m - 2 scrolls of fog
 s - 2 scrolls of amnesia
 u - a scroll of teleportation
 z - a scroll of enchant armour
 J - a scroll of recharging
Potions
 h - a potion of invisibility {unknown}
 k - 4 potions of curing
 l - 3 potions of mutation
 p - 2 potions of heal wounds
 t - a potion of flight {unknown}
 v - a potion of brilliance {unknown}
 B - 2 potions of lignification
 C - 2 potions of agility
 D - 2 potions of cure mutation
 F - a potion of cancellation {unknown}
Books
 b - a Young Poisoner's Handbook

   Spells                             Type                      Level
   a - Sting                          Conjuration/Poison           1
   b - Mephitic Cloud                 Conjuration/Poison/Air       3
   c - Olgreb's Toxic Radiance        Poison                       4
   d - Alistair's Intoxication        Transmutation/Poison         5
   e - Venom Bolt                     Conjuration/Poison           5
 x - a book of Misfortune

   Spells                             Type                      Level
   a - Confusing Touch                Hexes                        1
   b - Confuse                        Hexes                        3
   c - Gell's Gravitas                Hexes/Translocation          3
   d - Petrify                        Transmutation/Earth          4
   e - Metabolic Englaciation         Hexes/Ice                    5
   f - Yara's Violent Unravelling     Hexes/Transmutation          5
 y - a book of Minor Magic

   Spells                             Type                      Level
   a - Magic Dart                     Conjuration                  1
   b - Blink                          Translocation                2
   c - Call Imp                       Summoning                    2
   d - Repel Missiles                 Charms/Air                   2
   e - Slow                           Hexes                        2
   f - Conjure Flame                  Conjuration/Fire             3
   g - Mephitic Cloud                 Conjuration/Poison/Air       3
Comestibles
 c - 7 bread rations
 d - 2 beef jerkies
 w - 3 meat rations
 K - a royal jelly


   Skills:
 - Level 1.7 Dodging
 - Level 1.7 Stealth
 - Level 4.1 Spellcasting
 + Level 6.1 Conjurations
 - Level 2.0 Fire Magic
 - Level 2.0 Air Magic
 - Level 6.0 Poison Magic


You had 4 spell levels left.
You knew the following spells:

 Your Spells              Type           Power        Failure   Level  Hunger
a - Sting                 Conj/Pois      ####         1%          1    None
b - Mephitic Cloud        Conj/Pois/Air  ###.....     10%         3    ###....
c - Olgreb's Toxic Radia  Pois           ####....     14%         4    ####...
d - Conjure Flame         Conj/Fire      ###.....     10%         3    ###....


Dungeon Overview and Level Annotations

Branches:
Dungeon (6/15)             Temple (1/1) D:4

Altars:
Ashenzari
Cheibriados
Dithmenos
Elyvilon
Fedhas
Hepliaklqana
Makhleb
Nemelex Xobeh
Qazlal
Trog
Uskayaw
Vehumet
Xom
Yredelemnul
The Shining One

Annotations:
D:4 Grinder


Innate Abilities, Weirdness & Mutations

You are partially covered in rugged brown scales. (AC +1, +3% HP)
You are powered by pain.
When hurt, damage is shared between your health and your magic reserves.


Message History

* * * LOW HITPOINT WARNING * * *
Unknown command.
You hit Grinder but do no damage.
Grinder is moderately wounded.
Grinder closely misses you.
You closely miss Grinder.
Grinder is moderately wounded.
Grinder misses you. Grinder barely misses you.
You barely miss Grinder.
Grinder is moderately wounded.
Grinder misses you.
You hit Grinder.
Grinder is moderately wounded.
Grinder misses you.
You closely miss Grinder.
Grinder is moderately wounded.
Grinder hits you.
* * * LOW HITPOINT WARNING * * *
You writhe in agony.
You die...

........#...........#
#..#
.....<..............#
#..#
....................##
#..#
.)...................#
......#..............#
..##..#..............#
.....(...............###
......)>......<........#
..).............@5[.##.
..###..##............#
.##.##.##.....######.#
.#$..#.##.....# #
.#.∩$#.##.....# .#
.#555#.##.....######.###
.##5##................5##
..###..[#.....####.......
........#..............#


You could see Grinder.

Vanquished Creatures
  A sky beast (D:5)
  4 ogres
  2 centaurs (D:5)
  2 crimson imps (D:5)
  3 hounds
  An orc priest (D:5)
  An orc wizard (D:5)
  Ijyb (D:3)
  3 worker ants
  Terence (D:1)
  9 adders
  2 oozes
  An adder skeleton (D:4)
  2 worms
  2 dart slugs (D:1)
  4 leopard geckos
  7 orcs
  6 goblins
  11 hobgoblins
  4 jackals (D:2)
  3 kobolds
  3 ball pythons
  7 bats
  4 frilled lizards
  5 rats
89 creatures vanquished.

Notes
Turn   | Place    | Note
-------+----------+-------------------------------------------
     0 | D:1      | Kaname the Demonspawn Venom Mage began the quest for the Orb.
     0 | D:1      | Reached XP level 1. HP: 13/13 MP: 3/3
    63 | D:1      | Reached skill level 1 in Conjurations
    97 | D:1      | Gained mutation: You sometimes gain a little power by taking damage. [demonic ancestry]
    97 | D:1      | Reached XP level 2. HP: 12/19 MP: 1/5
   879 | D:2      | Gained mutation: You sometimes gain power by taking damage. [demonic ancestry]
   879 | D:2      | Reached XP level 3. HP: 22/24 MP: 6/6
  1367 | D:2      | Gained mutation: When hurt, damage is shared between your health and your magic reserves. [demonic ancestry]
  1367 | D:2      | Reached XP level 4. HP: 24/30 MP: 0/7
  1446 | D:2      | Found a shimmering altar of Xom.
  1506 | D:2      | Found a shimmering altar of Xom.
  1507 | D:2      | Found a shimmering altar of Xom.
  1510 | D:2      | Found a shimmering altar of Xom.
  1668 | D:2      | Noticed Terence
  1985 | D:2      | Learned a level 3 spell: Mephitic Cloud
  2514 | D:1      | Killed Terence
  2719 | D:3      | Noticed Ijyb
  2820 | D:3      | Killed Ijyb
  2861 | D:3      | Reached XP level 5. HP: 27/35 MP: 2/9
  3212 | D:3      | Learned a level 4 spell: Olgreb's Toxic Radiance
  3472 | D:4      | Learned a level 3 spell: Conjure Flame
  3479 | D:4      | Found a snail-covered altar of Cheibriados.
  3562 | D:4      | Noticed an ogre
  3573 | D:4      | Noticed an ogre
  3593 | D:4      | Killed an ogre
  3593 | D:4      | Reached XP level 6. HP: 41/41 MP: 1/12
  3595 | D:4      | Reached skill level 5 in Poison Magic
  3736 | D:4      | Noticed Grinder
  3846 | D:4      | Found a staircase to the Ecumenical Temple.
  3850 | Temple   | Entered the Ecumenical Temple
  4322 | D:4      | Reached skill level 1 in Air Magic
  4322 | D:4      | Gained mutation: You are powered by pain. [demonic ancestry]
  4322 | D:4      | Reached XP level 7. HP: 26/46 MP: 6/13
  4346 | D:4      | Got a pitted ring mail
  4357 | D:4      | Identified the cursed +0 ring mail "Ipon" {rCorr} (You found it on level 4 of the Dungeon)
  4418 | D:5      | Entered Level 5 of the Dungeon
  4673 | D:5      | Found a shattered altar of Ashenzari.
  5006 | D:5      | Reached skill level 5 in Conjurations
  5372 | D:5      | Gained mutation: You are partially covered in rugged brown scales. (AC +1, +3% HP) [demonic ancestry]
  5372 | D:5      | Reached XP level 8. HP: 25/53 MP: 2/14
  5625 | D:4      | HP: 1/53 [Grinder (2)]
  5630 | D:4      | HP: 1/53 [Grinder (3)]
  5630 | D:4      | Slain by Grinder

Vault maps used:
D:1:      lemuel_arrival_lava_pool, minmay_pentomino_x2
D:2:      xom_redecorated, uniq_terence
D:3:      uniq_iyjb
D:4:      cheibrodos_quashed, cheibriados_altar_1, first_bread, uniq_grinder,
          uniq_crazy_yiuf_cottage, uniq_robin
D:5:      nicolae_ashenzari_panopticon, uniq_prince_ribbit1, uniq_edmund
D:6:      minmay_cornered_nines, nicolae_gozag_seed_capital,
          lemuel_crystal_altar, serial_shops, shop
Temple:   hc_temple_tempest_star

Skill      XL: |  1  2  3  4  5  6  7  8 |
---------------+-------------------------+-----
Conjurations   | 1 2 3 4 5 6 |  6.1
Spellcasting   | 4 |  4.1
Poison Magic   | 5 6 |  6.0
Fire Magic     | 2 |  2.0
Air Magic      | 1 2 |  2.0
Dodging        | |  1.7
Stealth        | |  1.7

Action                   |  1- 3 |  4- 6 |  7- 9 || total
-------------------------+-------+-------+-------++-------
Melee: Short sword       |    23 |       |       ||    23
       Unarmed           |     3 |       |       ||     3
       Hand axe          |    35 |       |    50 ||    85
       Dagger            |    17 |   152 |    22 ||   191
 Cast: Sting             |    42 |   111 |    43 ||   196
       Mephitic Cloud    |       |     2 |       ||     2
       Olgreb's Toxic Ra |       |     1 |     2 ||     3
  Use: Scroll            |     6 |     5 |     5 ||    16
 Stab: Distracted        |       |     1 |       ||     1
       Confused          |       |     1 |       ||     1
       Sleeping          |       |       |     2 ||     2
  Eat: Chunk             |     2 |    19 |     1 ||    22
Armor: Robe              |    23 |   110 |       ||   133
       Ring mail         |       |       |    12 ||    12
       Skin              |       |       |    14 ||    14
Dodge: Dodged            |    71 |   258 |    83 ||   412
